 Dungeon Crawl Stone Soup version 0.32-a0-996-gb3226c233f (webtiles) character file.

Game seed: 7152088663846806968

1783299 Domino the Slayer (level 27, 242/242 HPs)
             Began as a Minotaur Fighter on Apr 23, 2024.
             Was the Champion of Qazlal.
             Escaped with the Orb
             ... and 3 runes!
             The game lasted 02:32:16 (62771 turns).

Domino the Slayer (Minotaur Fighter)               Turns: 62771, Time: 02:32:16

Health: 242/242    AC: 49    Str: 30    XL:     27
Magic:  26/26      EV: 14    Int:  1    God:    Qazlal [******]
Gold:   4347       SH: 25    Dex: 11    Spells: 26/26 levels left

rFire   + + +        a - +10 broad axe "Rouklo" {spect, rF+ Stlth+}
rCold   + . .        c - +2 kite shield {rPois}
rNeg    + + .        J - +14 crystal plate armour {rC+}
rPois   +            U - +2 hat
rElec   +            q - scarf {repulsion}
rCorr   .            i - +0 pair of gloves of the Sparrow {rPois rN+ Regen+ Dex-2}
SInv    +            n - +0 pair of boots {rampage}
Will    +++..        e - amulet of regeneration Stlth
                     g - ring "Bobruodi" {rF++ rN+}
HPRegen 2.20/turn    E - ring "Hinurchap" {Will+ SInv}
MPRegen 0.20/turn

%: repel missiles, rampage
@: studying 2 skills
A: horns 2, retaliatory headbutt, dopey 2, frail 1, low MP 3, electricity
resistance, inhibited regeneration, weak 1, inability to drink after injury 1,
devolution 1
0: Orb of Zot
}: 3/15 runes: decaying, serpentine, silver
a: Renounce Religion, Upheaval, Elemental Force, Disaster Area


You escaped.
You worshipped Qazlal.
Qazlal was exalted by your worship.
You visited 9 branches of the dungeon, and saw 45 of its levels.
You also visited: Bailey, Gauntlet and Ice Cave.

You collected 8499 gold pieces.
You spent 4152 gold pieces at shops.

Inventory:

Hand Weapons
 a - the +10 broad axe "Rouklo" (weapon) {spect, rF+ Stlth+}
   (You acquired it on level 2 of the Orcish Mines)

   rF+:       It protects you from fire.
   Stlth+:    It makes you more stealthy.
 b - a +6 heavy broad axe
   (You took it off an orc warrior in a bailey)
 z - a +9 broad axe of chaos
   (You took it off an orc warlord in a bailey)
Missiles
 B - 25 javelins (quivered)
 O - 48 boomerangs
 S - a throwing net
Armour
 c - a +2 kite shield of poison resistance (worn)
   (You took it off a naga warrior on level 4 of the Snake Pit)
 i - the +0 pair of gloves of the Sparrow (worn) {rPois rN+ Regen+ Dex-2}
   (You found it on level 5 of the Realm of Zot)

   Dex-2:     It affects your dexterity (-2).
   rPois:     It protects you from poison.
   rN+:       It protects you from negative energy.
   Regen+:    It increases your rate of health regeneration.
 n - a +0 pair of boots of rampaging (worn)
   (You found it on level 5 of the Lair of Beasts)
 o - the +4 dragonskin cloak {Aegis}
   (You took it off Tiamat on level 2 of the Realm of Zot)

   Avatar's Aegis: It grants the wearer a chance to resist fire, cold, poison,
   electricity, acid, and negative energy.
 q - a scarf of repulsion (worn)
   (You found it on level 2 of the Dungeon)
 J - a +14 crystal plate armour of cold resistance (worn)
   (You found it in an ice cave)
 U - a +2 hat (worn)
   (You found it on level 8 of the Dungeon)
 X - the +15 Maxwell's patent armour {-Cast -Tele rElec Will+ rCorr}
   (You found it on level 2 of the Lair of Beasts)

   rElec:     It insulates you from electricity.
   Will+:     It increases your willpower.
   -Cast:     It prevents spellcasting.
   -Tele:     It prevents most forms of teleportation.
   rCorr:     It protects you from acid and corrosion.
 Y - the +1 cloak "Kiveg" {Slay+6}
   (You acquired it on level 3 of the Swamp)

   Slay+6:    It affects your accuracy & damage with ranged weapons and melee
   (+6).
Jewellery
 e - an amulet of regeneration (around neck)
   (You found it on level 1 of the Dungeon)
 g - the ring "Bobruodi" (left hand) {rF++ rN+}
   (You took it off a necromancer in an ice cave)

   [ring of positive energy]

   rF++:      It greatly protects you from fire.
   rN+:       It protects you from negative energy.
 t - a ring of positive energy
   (You found it on level 3 of the Lair of Beasts)
 u - the ring of Lolif {rC+ Str+6 Int+6}
   (You found it on level 3 of the Dungeon)

   [ring of strength]

   Str+6:     It affects your strength (+6).
   Int+6:     It affects your intelligence (+6).
   rC+:       It protects you from cold.
 E - the ring "Hinurchap" (right hand) {Will+ SInv}
   (You found it in a Gauntlet)

   [ring of see invisible]

   Will+:     It increases your willpower.
   SInv:      It lets you see invisible.
 K - the ring "Qidokaw" {Fly Int+7}
   (You found it on level 5 of the Vaults)

   [ring of flight]

   Int+7:     It affects your intelligence (+7).
   Fly:       It grants you flight.
 N - a +4 ring of protection
   (You found it on level 5 of the Dungeon)
 Q - the amulet "Zogg" {Harm RegenMP+ Dex+6 Slay-4}
   (You found it on level 5 of the Realm of Zot)

   [amulet of magic regeneration]

   It increases your rate of magic regeneration.
   Dex+6:     It affects your dexterity (+6).
   Slay-4:    It affects your accuracy & damage with ranged weapons and melee
   (-4).
   Harm:      It increases damage dealt and taken.
   RegenMP+:  It increases your rate of magic regeneration.
Wands
 y - a wand of polymorph (42)
   (You took it off Sigmund on level 3 of the Dungeon)
 D - a wand of iceblast (65)
   (You found it on level 4 of the Dungeon)
 L - a wand of paralysis (44)
   (You found it on level 9 of the Dungeon)
 R - a wand of mindburst (20)
   (You found it on level 1 of the Lair of Beasts)
 T - a wand of flame (58)
   (You found it on level 8 of the Dungeon)
 V - a wand of quicksilver (28)
   (You found it on level 1 of the Lair of Beasts)
 Z - a wand of digging (18)
   (You found it on level 2 of the Lair of Beasts)
Scrolls
 h - 4 scrolls of butterflies
 l - 8 scrolls of fog
 r - 9 scrolls of immolation
 w - 6 scrolls of fear
 x - 21 scrolls of teleportation
 F - 3 scrolls of silence
 H - 6 scrolls of blinking
 I - 6 scrolls of poison
 W - 5 scrolls of revelation
Potions
 d - 4 potions of berserk rage
 f - 8 potions of enlightenment
 j - 3 potions of cancellation
 m - 8 potions of mutation
 p - 8 potions of might
 s - 18 potions of curing
 v - a potion of ambrosia
 A - 9 potions of haste
 M - 10 potions of heal wounds
Miscellaneous
 k - a phantom mirror
   (You found it on level 3 of the Snake Pit)
 C - a condenser vane
   (You found it on level 5 of the Vaults)
 G - a Gell's gravitambourine (2/2)
   (You found it in a Gauntlet)
 P - a lightning rod (4/4)
   (You found it on level 3 of the Depths)


   Skills:
 + Level 26.2 Fighting
 - Level 18.0 Axes
 + Level 24.5 Armour
 + Level 23.5 Dodging
 - Level 21.6 Shields
 + Level 25.4 Invocations
 - Level 5.1 Evocations


You had 26 spell levels left.
You didn't know any spells.
Your spell library was empty.

Dungeon Overview and Level Annotations

Branches:
Dungeon (15/15)            Temple (1/1) D:6            Lair (5/5) D:10
  Swamp (4/4) Lair:3        Snake (4/4) Lair:2        Slime (0/5) Lair:5
    Orc (2/2) D:9             Elf (0/3) Orc:2        Vaults (5/5) D:14
  Crypt (0/3) Vaults:2     Depths (4/4) D:15            Zot (5/5) Depths:4
 Bailey (visited)           IceCv (visited)         Gauntlet (visited)

Altars:
Ashenzari
Cheibriados
Dithmenos
Elyvilon
Fedhas
Gozag
Hepliaklqana
Kikubaaqudgha
Makhleb
Nemelex Xobeh
Okawaru
Qazlal
Ru
Sif Muna
Trog
Uskayaw
Vehumet
Wu Jian
Xom
Yredelemnul
Zin
The Shining One
Beogh
Jiyva

Shops:
D:5 *   D:12 [   Orc:2 !=?(   Snake:1 *!?[(   Snake:3 *((   Snake:4 :=*
Vaults:1 !   Vaults:3 *   Vaults:4 :   Depths:4 [

Portals:
Hell: Depths:1 Depths:2 Depths:3 Depths:4
Abyss: Depths:3
Pandemonium: Depths:2 Depths:3
Ziggurat: Depths:4

Annotations:
Lair:1 2 runed translucent doors, Notakhli's ghost, journeyman CoGl


Innate Abilities, Weirdness & Mutations

You have a pair of horns on your head.
You reflexively headbutt those who attack you in melee.
You are very dopey. (Int -4)
You are frail. (-10% HP)
Your magical capacity is extremely low. (-30% MP)
You are resistant to electric shocks. (rElec)
You do not regenerate when monsters are visible.
You are weak. (Str -2)
You occasionally lose the ability to drink potions when taking damage.
You have hidden genetic defects.


Message History

There is an escape hatch in the ceiling here.
A mysterious force pulls you upwards. The hatch slams shut behind you.
There is a stone staircase leading up here.
Unknown command.
There is a stone staircase leading up here.
You climb upwards.
There is a stone staircase leading down here.
There is a stone staircase leading down here.
Reebbadd comes into view.
Reebbadd gestures.
Reebbadd flickers and vanishes for a moment.
There is a stone staircase leading up here.
You climb upwards.
There is a stone staircase leading down here.
You see here an adder skeleton.
There is a stone staircase leading up here.
You climb upwards.
There is a stone staircase leading down here.
An orange demon comes into view.
There is a stone staircase leading up here.
You climb upwards.
There is a stone staircase leading down here.
There is a stone staircase leading up here.
You climb upwards.
There is a stone staircase leading down here.
You see here a +0 club.
An Executioner comes into view.
There is a stone staircase leading up here.
You climb upwards.
There is a stone staircase leading down here.
You see here 3 scrolls of noise.
Things that are here:
a +0 falchion; an orc skeleton
There is a stone staircase leading up here.
You climb upwards.
There is a stone staircase leading down here.
Unknown command.
There is a fountain of clear blue water here.
There is a staircase leading out of the dungeon here.
You have escaped!

#.# #.......#.......#######.. #.#
#.......#.#..#..#........ ##.####
#...#.................... ......#
#.......#.##....#......>. ##.##.#
#...............######... ##..#.#
#..##♣♣♣.♣♣♣##..# #... ###.#.#
#..# ♣⌠♣ #..# #...
###.#.###..♣♣♣♣♣.♣♣♣♣♣..### #...
......##......⌠.@.⌠.......# #...
.##.###....♣♣♣♣♣.♣♣♣♣♣..#.# ##..
.###.......# ♣⌠♣ #..#.######. .♣
##.###..##♣♣♣.♣♣♣##.......###.
.♣♣#..##.....[..........####.#...
.....####...##..####....####.#.#.
.♣♣#.# ##......# ###..#........
.♣ #.# ######## #..#.##.#.#.
.###.# #.......#.#.


There were no monsters in sight!

Vanquished Creatures
  A pandemonium lord (Depths:4)
  Tiamat (Zot:2)
  6 dread liches
  Mara (Vaults:4)
  2 ancient liches
  9 orbs of fire
  Bai Suzhen (Vaults:2)
  Vv (Zot:4)
  Vashnia (Snake:4)
  3 Killer Klowns (Zot:5)
  2 curse toes
  9 golden dragons
  Nikola (Snake:1)
  2 bone dragons (Zot:3)
  3 electric golems
  2 doom hounds (Depths:2)
  Rupert (D:14)
  A Hell Sentinel (D:11)
  19 tentacled monstrosities
  Mlioglotl (Snake:2)
  27 Orb Guardians
  5 liches
  Grunn (Depths:2)
  4 titans
  10 quicksilver dragons
  5 sphinxes
  An Executioner (Zot:2)
  The ghost of Autsider the Bringer of Light, an adept GrFi of the Shining One (Swamp:3)
  21 shadow dragons
  13 death cobs
  Gastronok (D:12)
  17 storm dragons
  4 tengu reavers
  A fenstrider witch (shapeshifter) (Depths:3)
  Aizul (Snake:2)
  9 draconian monks
  5 fire giants
  8 nagarajas
  5 protean progenitors
  5 draconian shifters
  2 fenstrider witches
  5 frost giants
  8 draconian knights
  A balrug (Depths:1)
  15 vault wardens
  7 ghost moths
  5 reapers
  10 draconian scorchers
  A ghoul (Swamp:3)
  7 draconian stormcallers
  3 orc warlords
  17 very ugly things
  7 ironbound thunderhulks
  A formless jellyfish (shapeshifter) (Depths:3)
  4 spriggan defenders
  6 draconian annihilators
  12 stone giants
  21 ironbound preservers
  A deep elf demonologist (Vaults:4)
  3 vampire knights
  2 formless jellyfish
  A demonspawn black sun (Zot:5)
  2 deep elf annihilators (Vaults:5)
  5 deep elf death magi
  19 black draconians
  6 eleionomae
  An eleionoma (shapeshifter) (Depths:3)
  7 green draconians
  11 purple draconians
  The ghost of GrimJard the Spear-Bearer, a journeyman MfGl of Trog (Lair:4)
  4 bunyips
  A putrid mouth (Depths:2)
  A minotaur (shapeshifter) (Depths:3)
  8 dire elephants
  A red draconian (shapeshifter) (Depths:3)
  5 white draconians
  7 red draconians
  Azrael (Snake:3)
  9 yellow draconians
  4 war gargoyles
  A minotaur (Gauntlet)
  10 spark wasps
  A green death (D:10)
  13 ettins
  A spark wasp (shapeshifter) (Vaults:2)
  3 jiangshi (Depths:2)
  3 crystal guardians
  3 shambling mangroves
  13 yaktaur captains
  10 fire dragons
  3 entropy weavers
  5 great orbs of eyes
  10 alligators
  5 ice dragons
  Erolcha (D:11)
  26 vault guards
  21 hydras
  5 ironbound frosthearts
  4 rakshasas
  7 ogre magi
  4 peacekeepers
  15 centaur warriors
  A great orb of eyes (shapeshifter) (Depths:3)
  3 hell beasts
  10 anacondas
  2 ghost crabs
  Erica (D:9)
  6 boulder beetles
  A death knight (Vaults:2)
  A catoblepas (D:15)
  6 spriggan air magi
  21 two-headed ogres
  5 death yaks (Lair:2)
  A vampire mage (Depths:2)
  16 dancing weapons (Depths:3)
  6 hell hogs
  9 deep troll earth magi
  6 hell knights
  9 naga sharpshooters
  5 occultists
  6 deep troll shamans
  2 tengu warriors
  20 naga warriors
  A demonic crawler (Lair:5)
  An orc high priest (Vaults:4)
  A spriggan berserker (Depths:4)
  5 shock serpents
  11 soul eaters
  A fire crab (Lair:4)
  3 sun demons
  6 iron trolls
  3 skysharks
  Amaemon (Lair:1)
  A spectral bunyip (Swamp:3)
  Sonja (Orc:2)
  A shadow wraith (Vaults:4)
  A skyshark (shapeshifter) (Vaults:2)
  A deep troll (shapeshifter) (Vaults:5)
  7 skeletal warriors
  A flayed ghost (Depths:2)
  8 spriggan druids
  A salamander mystic (Snake:3)
  A sea snake (shapeshifter) (Depths:3)
  A glowing orange brain (shapeshifter) (Depths:3)
  58 deep trolls
  A cherub (Zot:3)
  A death drake (shapeshifter) (Vaults:4)
  4 obsidian statues (Depths:3)
  4 naga ritualists
  6 mana vipers
  8 sea snakes
  2 large abominations (D:10)
  8 glowing orange brains
  4 lindwurms
  8 phantasmal warriors
  17 swamp dragons
  11 bog bodies
  Pikel (D:6)
  18 ironbound convokers
  A lindwurm (shapeshifter) (Vaults:2)
  7 arcanists
  9 thermic dynamos (Depths:3)
  4 deep elf pyromancers
  7 orc knights
  8 necromancers
  An orange crystal statue (Depths:2)
  3 orc sorcerers
  3 manticores
  7 cyclopes
  A faun (shapeshifter) (Vaults:2)
  4 will-o-the-wisps
  27 moths of wrath
  A wolf spider (Zot:2)
  2 shining eyes (shapeshifter) (Depths:3)
  48 ugly things
  32 elephants
  A cyclops (shapeshifter) (Vaults:4)
  A frost giant skeleton (Vaults:1)
  5 salamanders
  2 elephants (shapeshifter)
  18 vault sentinels
  34 black mambas
  8 guardian serpents
  A kobold blastminer (Orc:1)
  18 naga magi
  Joseph (D:7)
  2 gargoyles
  A smoke demon (Depths:1)
  5 torpor snails (Lair:5)
  An ice statue (IceCv)
  A molten gargoyle (Depths:3)
  2 orange demons
  An eye of devastation (shapeshifter) (Vaults:4)
  3 minotaur zombies (Gauntlet)
  14 cane toads
  4 rime drakes
  7 freezing wraiths
  An unseen horror (D:11)
  32 yaktaurs
  10 komodo dragons
  A bunyip simulacrum (Swamp:3)
  2 kobold demonologists (D:12)
  3 tengu conjurers
  10 ice devils (IceCv)
  2 anaconda simulacra (IceCv)
  6 centaur skeletons
  A hydra zombie (D:10)
  A guardian mummy (Zot:3)
  A wind drake (shapeshifter) (Depths:3)
  A spectral death drake (Swamp:3)
  12 trolls
  16 hornets
  14 tyrant leeches
  Grinder (D:6)
  3 wind drakes (Depths:3)
  4 polar bears
  23 blink frogs
  A glass eye (shapeshifter) (Vaults:4)
  Prince Ribbit (D:6)
  A dream sheep (shapeshifter) (Vaults:5)
  A tarantella (Vaults:3)
  A glass eye (Depths:1)
  3 raiju (Depths:3)
  8 dream sheep
  21 slime creatures
  Sigmund (D:3)
  9 spriggans
  2 meliai zombies (D:10)
  A shadow (D:10)
  9 wyverns
  2 centaur simulacra
  An ettin skeleton (Vaults:1)
  A vampire (D:12)
  9 water elementals
  10 air elementals (Depths:3)
  A dire elephant simulacrum (IceCv)
  2 wraiths (D:11)
  8 fire elementals
  A yak (shapeshifter) (Vaults:5)
  60 yaks
  5 steam dragons
  6 vampire mosquitoes
  3 basilisks
  5 wargs (Orc:1)
  2 death yak simulacra (IceCv)
  A harpy simulacrum (IceCv)
  5 redbacks
  48 nagas
  20 swamp worms
  10 water moccasins
  A death drake simulacrum (Swamp:3)
  Duvessa (D:6)
  3 hell hounds
  A hydra simulacrum (IceCv)
  10 acid dragons
  13 swamp drakes
  An elephant zombie (D:10)
  4 ice beasts
  5 laughing skulls
  4 black bears
  43 orc warriors
  A sky beast (D:8)
  A crocodile (shapeshifter) (D:13)
  21 ogres
  A boggart (D:14)
  A small abomination (Depths:4)
  12 wolves
  7 centaurs
  2 phantoms
  A lemure (D:6)
  7 kobold brigands
  A human zombie (Vaults:1)
  11 bullfrogs
  2 gnoll sergeants
  2 scorpions
  5 cane toad simulacra (IceCv)
  9 earth elementals (Depths:3)
  13 wights
  Dowan (D:6)
  4 elephant simulacra (IceCv)
  5 killer bees (D:8)
  2 spriggan zombies (D:10)
  5 wolf zombies (D:10)
  4 electric eels (Snake:1)
  4 howler monkeys
  4 centaur zombies
  5 jellies
  2 bombardier beetles
  20 orc priests
  5 hounds
  A gnoll bouda (D:6)
  A sleepcap (D:6)
  10 hell rats
  Natasha (thrice) (D:2)
  5 iguanas (Lair:5)
  34 orc wizards
  2 spriggan simulacra (IceCv)
  6 polar bear simulacra (IceCv)
  A troll simulacrum (IceCv)
  3 wolf simulacra (IceCv)
  Robin (D:3)
  7 adders
  18 gnolls
  2 naga simulacra (IceCv)
  4 shadow imps
  2 white imps
  4 ufetubi
  A dart slug (D:5)
  2 ribbon worms
  85 orcs
  4 ball pythons
  6 endoplasms
  3 giant cockroaches
  37 goblins
  22 hobgoblins
  5 quokkas
  A bat (D:1)
  5 frilled lizards
  19 kobolds
  3 rats (D:1)
  6 aspiring fleshes
  2 butterflies
  2 spectral weapons
2201 creatures vanquished.

Vanquished Creatures (others)
  An iron troll (Depths:4)
  A bunyip simulacrum (Swamp:3)
  3 bloated husks
  A tyrant leech (Swamp:3)
  An air elemental (Depths:3)
  A fire elemental (Depths:3)
  An orc (D:7)
  19 foxfires
  103 spectral weapons
  2 starspawn tentacles (Snake:2)
133 creatures vanquished.

Grand Total: 2334 creatures vanquished

Notes
Turn   | Place    | Note
-------+----------+-------------------------------------------
     0 | D:1      | Domino the Minotaur Fighter began the quest for the Orb.
     0 | D:1      | Reached XP level 1. HP: 19/19 MP: 0/0
   194 | D:1      | Reached XP level 2. HP: 27/27 MP: 1/1
   242 | D:1      | Found a faded altar of an unknown god.
   260 | D:1      | Reached skill level 4 in Fighting
   988 | D:2      | Reached XP level 3. HP: 33/33 MP: 2/2
  1292 | D:2      | Noticed Natasha
  1303 | D:2      | Killed Natasha
  1646 | D:2      | Noticed Natasha
  1653 | D:2      | Killed Natasha
  1654 | D:2      | Reached XP level 4. HP: 36/41 MP: 3/3
  1676 | D:2      | Noticed Natasha
  1692 | D:2      | Killed Natasha
  1693 | D:2      | Reached skill level 5 in Axes
  2272 | D:3      | Reached skill level 5 in Fighting
  2272 | D:3      | Reached XP level 5. HP: 46/48 MP: 4/4
  2322 | D:3      | Noticed Robin
  2340 | D:3      | Killed Robin
  2587 | D:3      | Identified the ring of Lolif {rC+ Str+6 Int+6}
  2819 | D:3      | Reached XP level 6. HP: 47/56 MP: 5/5
  2986 | D:3      | Noticed Sigmund
  3026 | D:3      | Killed Sigmund
  3027 | D:3      | Reached skill level 6 in Fighting
  3718 | D:4      | Reached XP level 7. HP: 59/64 MP: 6/6
  4390 | D:5      | Entered Level 5 of the Dungeon
  4517 | D:5      | Reached skill level 7 in Fighting
  4528 | D:5      | Reached XP level 8. HP: 73/73 MP: 7/7
  4677 | D:5      | Found a snail-covered altar of Cheibriados.
  4784 | D:5      | Found Hopap's Humungous Hoard.
  4792 | D:5      | Bought a potion of haste for 100 gold pieces
  4792 | D:5      | Bought a potion of heal wounds for 50 gold pieces
  5029 | D:5      | Found a hazy altar of Hepliaklqana.
  5031 | D:5      | Found a shadowy altar of Dithmenos.
  5245 | D:6      | Reached skill level 10 in Axes
  5299 | D:6      | Reached skill level 8 in Fighting
  5337 | D:6      | Noticed Prince Ribbit
  5353 | D:6      | Killed Prince Ribbit
  5439 | D:6      | Noticed Grinder
  5440 | D:6      | Paralysed by Grinder for 2 turns
  5459 | D:6      | Paralysed by Grinder for 4 turns
  5515 | D:6      | Paralysed by Grinder for 5 turns
  5521 | D:6      | Paralysed by Grinder for 2 turns
  5525 | D:6      | Killed Grinder
  5597 | D:6      | Noticed Pikel
  5598 | D:6      | Found a broken altar of Ashenzari.
  5609 | D:6      | Killed Pikel
  5610 | D:6      | Reached skill level 9 in Fighting
  5610 | D:6      | Reached XP level 9. HP: 72/83 MP: 8/8
  5885 | D:6      | Found a bloodstained altar of Trog.
  5955 | D:6      | Noticed Duvessa
  5956 | D:6      | Noticed Dowan
  5966 | D:6      | Killed Duvessa
  5970 | D:6      | Killed Dowan
  5975 | D:6      | Found a staircase to the Ecumenical Temple.
  5983 | Temple   | Entered the Ecumenical Temple
  5994 | Temple   | Became a worshipper of Qazlal Stormbringer
  6168 | D:6      | Found a sparkling altar of Nemelex Xobeh.
  6497 | D:7      | Reached skill level 10 in Fighting
  6566 | D:7      | Reached * piety under Qazlal
  6695 | D:7      | Noticed Joseph
  6734 | D:7      | Killed Joseph
  6735 | D:7      | Reached XP level 10. HP: 80/94 MP: 9/9
  7007 | D:7      | Found a sacrificial altar of Ru.
  7182 | D:7      | Found a shimmering altar of Xom.
  7333 | D:7      | Found an ancient bone altar of Kikubaaqudgha.
  7428 | D:8      | Reached skill level 11 in Fighting
  7680 | D:8      | Found an ornate altar of the Wu Jian Council.
  8301 | D:8      | Found a burning altar of Makhleb.
  8301 | D:8      | Found an iron altar of Okawaru.
  8648 | D:8      | Noticed a skeletal warrior
  8673 | D:8      | Killed a skeletal warrior
  8674 | D:8      | Reached skill level 15 in Axes
  8962 | D:8      | Noticed a tengu warrior
  9170 | D:9      | Found a flagged portal.
  9203 | D:9      | Reached ** piety under Qazlal
  9255 | D:9      | Reached skill level 5 in Armour
  9259 | Bailey   | Entered a bailey
  9642 | Bailey   | Identified a scroll of acquirement
  9642 | Bailey   | Acquired the amulet of Ynoij {Faith Fly rPois Str+4 Dex-3}
  9813 | Bailey   | Noticed an orc warlord
  9964 | Bailey   | Killed an orc warlord
  9965 | Bailey   | Reached skill level 12 in Fighting
  9965 | Bailey   | Reached XP level 11. HP: 60/104 MP: 13/13
 10034 | Bailey   | Reached *** piety under Qazlal
 10080 | Bailey   | Noticed an orc knight
 10096 | Bailey   | Killed an orc knight
 10236 | Bailey   | Reached skill level 5 in Invocations
 10362 | D:9      | Noticed a two-headed ogre
 10368 | D:9      | Killed a two-headed ogre
 10395 | D:9      | Noticed Erica
 10412 | D:9      | Killed Erica
 10820 | D:9      | Found a staircase to the Orcish Mines.
 10827 | D:9      | Found a roughly hewn altar of Beogh.
 10895 | D:9      | Found a hide-covered altar of Uskayaw.
 11180 | D:9      | Found a shimmering blue altar of Sif Muna.
 11181 | D:9      | Reached **** piety under Qazlal
 11374 | D:9      | Noticed a two-headed ogre
 11396 | D:9      | Killed a two-headed ogre
 11637 | D:8      | Killed a tengu warrior
 11853 | D:8      | Noticed a boulder beetle
 11868 | D:8      | Killed a boulder beetle
 12154 | D:10     | Entered Level 10 of the Dungeon
 12275 | D:10     | Found a radiant altar of Vehumet.
 12306 | D:10     | Noticed a two-headed ogre
 12314 | D:10     | Killed a two-headed ogre
 12351 | D:10     | Reached skill level 13 in Fighting
 12351 | D:10     | Reached XP level 12. HP: 115/115 MP: 16/16
 12390 | D:10     | Found a basalt altar of Yredelemnul.
 12808 | D:10     | Found a staircase to the Lair.
 13195 | Lair:1   | Entered Level 1 of the Lair of Beasts
 13715 | Lair:1   | Noticed Amaemon
 13731 | Lair:1   | Killed Amaemon
 13952 | Lair:1   | Found a large runed translucent door.
 13953 | Lair:1   | Found a large runed translucent door.
 13995 | Lair:1   | Reached skill level 10 in Invocations
 14365 | Lair:1   | Reached skill level 14 in Fighting
 14637 | Lair:1   | Noticed Notakhli's ghost (journeyman CoGl)
 14679 | Lair:2   | Reached XP level 13. HP: 75/124 MP: 19/19
 14699 | Lair:2   | Found the +15 Maxwell's patent armour {-Cast -Tele rElec
                  | Will+ rCorr}
 15062 | Lair:2   | Reached ***** piety under Qazlal
 15247 | Lair:2   | Reached skill level 10 in Armour
 15587 | Lair:2   | Found a staircase to the Snake Pit.
 15958 | Lair:3   | Found a staircase to the Swamp.
 16369 | Lair:3   | You fall into a shaft and drop 2 floors!
 16369 | Lair:5   | Entered Level 5 of the Lair of Beasts
 16375 | Lair:5   | Reached skill level 15 in Fighting
 16401 | Lair:5   | Reached XP level 14. HP: 66/135 MP: 22/22
 17264 | Lair:5   | Found a viscous altar of Jiyva.
 17264 | Lair:5   | Found a staircase to the Slime Pits.
 17558 | Lair:5   | Reached ****** piety under Qazlal
 18088 | Lair:5   | Identified the serpent talisman "Laomim" {rN+ Str-3 Stlth+}
 18799 | Lair:4   | Found a frozen archway.
 18803 | Lair:4   | Reached skill level 16 in Fighting
 18824 | IceCv    | Entered an ice cave
 19010 | IceCv    | Found an ancient bone altar of Kikubaaqudgha.
 19218 | IceCv    | Identified the ring "Bobruodi" {rF++ rN+}
 19621 | Lair:4   | Found a transporter.
 19644 | Lair:4   | Noticed GrimJard's ghost (journeyman MfGl)
 19666 | Lair:4   | Reached XP level 15. HP: 142/145 MP: 24/24
 19703 | Lair:4   | Found a transporter.
 19746 | Lair:4   | Killed GrimJard's ghost
 20935 | Lair:3   | Reached XP level 16. HP: 152/152 MP: 26/26
 20936 | Lair:3   | Reached skill level 10 in Shields
 20936 | Lair:3   | Reached XP level 17. HP: 160/160 MP: 27/27
 20937 | Lair:3   | Reached skill level 5 in Evocations
 20937 | Lair:3   | Reached XP level 18. HP: 168/168 MP: 28/28
 21183 | Orc:1    | Entered Level 1 of the Orcish Mines
 21334 | Orc:2    | Entered Level 2 of the Orcish Mines
 21359 | Orc:1    | Reached skill level 15 in Invocations
 21744 | Orc:1    | Reached skill level 17 in Fighting
 21763 | Orc:2    | Noticed Sonja
 21769 | Orc:2    | Killed Sonja
 21843 | Orc:2    | Found a staircase to the Elven Halls.
 21847 | Orc:2    | Found a roughly hewn altar of Beogh.
 21896 | Orc:2    | Found Qidisu's Magic Scroll Shop.
 21901 | Orc:2    | Found Emeneoff's Antique Weapon Boutique.
 21905 | Orc:2    | Found Danetad's Jewellery Shoppe.
 21907 | Orc:2    | Bought 2 scrolls of enchant weapon for 270 gold pieces
 21907 | Orc:2    | Bought a scroll of teleportation for 54 gold pieces
 21915 | Orc:2    | Found Arrij's Distillery.
 21923 | Orc:2    | Bought a potion of curing for 42 gold pieces
 21923 | Orc:2    | Bought a potion of curing for 42 gold pieces
 21923 | Orc:2    | Bought a potion of haste for 140 gold pieces
 21923 | Orc:2    | Bought a potion of might for 56 gold pieces
 21923 | Orc:2    | Bought a potion of mutation for 112 gold pieces
 21923 | Orc:2    | Bought a potion of mutation for 112 gold pieces
 22381 | Orc:2    | Bought a ring of poison resistance for 280 gold pieces
 22398 | Orc:2    | Bought a scroll of poison for 72 gold pieces
 22398 | Orc:2    | Bought a scroll of poison for 72 gold pieces
 22398 | Orc:2    | Bought a scroll of immolation for 72 gold pieces
 22398 | Orc:2    | Bought a scroll of acquirement for 936 gold pieces
 22398 | Orc:2    | Acquired the +10 broad axe "Rouklo" {spect, rF+ Stlth+}
 23034 | D:11     | Noticed Erolcha
 23040 | D:11     | Killed Erolcha
 23637 | D:12     | Found a transporter.
 23641 | D:12     | Found Memeot's Armour Shoppe.
 23692 | D:12     | Noticed Gastronok
 23700 | D:12     | Killed Gastronok
 23879 | D:12     | Found a transporter.
 25055 | D:13     | Identified the +1 scale mail of Pride {rPois rN+}
 25306 | D:14     | Noticed Rupert
 25422 | D:14     | Killed Rupert
 25991 | D:14     | Found a gate to the Vaults.
 26178 | D:15     | Entered Level 15 of the Dungeon
 26205 | D:15     | Found a gate leading to a gauntlet.
 26216 | Gauntlet | Entered a Gauntlet
 26216 | Gauntlet | Found a transporter.
 26216 | Gauntlet | Found a large runed translucent door.
 26216 | Gauntlet | Found a large runed translucent door.
 26216 | Gauntlet | Found a large runed translucent door.
 26216 | Gauntlet | Found a large runed translucent door.
 26216 | Gauntlet | Found a large runed translucent door.
 26216 | Gauntlet | Found a large runed translucent door.
 26216 | Gauntlet | Found a runed translucent door.
 26216 | Gauntlet | Found a runed translucent door.
 26216 | Gauntlet | Found a large runed translucent door.
 26216 | Gauntlet | Found a large runed translucent door.
 26216 | Gauntlet | Found a large runed translucent door.
 26216 | Gauntlet | Found a large runed translucent door.
 26216 | Gauntlet | Found a large runed translucent door.
 26216 | Gauntlet | Found a large runed translucent door.
 26221 | Gauntlet | Found a runed translucent door.
 26223 | Gauntlet | Found a transporter.
 26225 | Gauntlet | Found a runed translucent door.
 26235 | Gauntlet | Found a transporter.
 26239 | Gauntlet | Found a transporter.
 26249 | Gauntlet | Found a transporter.
 26269 | Gauntlet | Found a transporter.
 26273 | Gauntlet | Found a transporter.
 26277 | Gauntlet | Found a transporter.
 26279 | Gauntlet | Found a runed translucent gate.
 26279 | Gauntlet | Found a runed translucent gate.
 26280 | Gauntlet | Found a large runed translucent door.
 26280 | Gauntlet | Found a large runed translucent door.
 26281 | Gauntlet | Found a runed translucent gate.
 26300 | Gauntlet | Found a transporter.
 26318 | Gauntlet | Found a transporter.
 26322 | Gauntlet | Found a transporter.
 26330 | Gauntlet | Found a transporter.
 26349 | Gauntlet | Found a large runed translucent door.
 26349 | Gauntlet | Found a large runed translucent door.
 26499 | Gauntlet | Identified the ring "Hinurchap" {Will+ SInv}
 26547 | Gauntlet | Identified the +0 cloak of the Poles {Slay+2}
 26654 | D:15     | Reached XP level 19. HP: 159/179 MP: 30/30
 27060 | D:15     | Found a staircase to the Depths.
 27065 | D:15     | Reached skill level 18 in Fighting
 27134 | D:15     | Reached skill level 15 in Armour
 27598 | Snake:1  | Entered Level 1 of the Snake Pit
 28036 | Snake:1  | Noticed Nikola
 28044 | Snake:1  | Killed Nikola
 28545 | Snake:1  | Found Joavut Qeho's General Store.
 28547 | Snake:1  | Found Boaw's Magic Scroll Shop.
 28547 | Snake:1  | Found Vethay's Distillery.
 28553 | Snake:1  | Bought a scroll of acquirement for 624 gold pieces
 28553 | Snake:1  | Acquired a manual of Shields
 28563 | Snake:1  | Bought 2 potions of curing for 66 gold pieces
 28563 | Snake:1  | Bought a potion of curing for 33 gold pieces
 28568 | Snake:1  | Bought a potion of berserk rage for 60 gold pieces
 28575 | Snake:1  | Found Dalloaq's Armour Boutique.
 28577 | Snake:1  | Bought a scroll of teleportation for 51 gold pieces
 28578 | Snake:1  | Found Wehuod's Weapon Emporium.
 28964 | Snake:2  | Noticed Mlioglotl
 28973 | Snake:2  | Gained mutation: Your mind is acute. (Int +4, Str/Dex -1)
                  | [a neqoxec]
 28974 | Snake:2  | Killed Mlioglotl
 29569 | Snake:2  | Identified the serpent talisman of the Undertaker {+Blink
                  | Str-2 Dex+5 Slay+3}
 29569 | Snake:2  | Noticed Aizul
 29573 | Snake:2  | Killed Aizul
 30079 | Snake:2  | Found a shadowy altar of Dithmenos.
 30288 | Snake:2  | HP: 9/181 [poisoned by a nagaraja (bolt of poison)]
 30293 | Snake:2  | HP: 9/181 [poisoned by a nagaraja (bolt of poison)]
 30845 | Snake:3  | Found Yfidar's Weapon Boutique.
 30847 | Snake:3  | Found Ciriklyq's Weapon Shop.
 30849 | Snake:3  | Found Pity's General Store.
 30857 | Snake:3  | Bought a potion of heal wounds for 105 gold pieces
 30962 | Snake:3  | Noticed Azrael
 30970 | Snake:3  | Killed Azrael
 31723 | Snake:4  | Entered Level 4 of the Snake Pit
 31914 | Snake:4  | Found Cuiror's General Store.
 31926 | Snake:4  | Reached skill level 15 in Shields
 31940 | Snake:4  | Bought a potion of curing for 66 gold pieces
 31940 | Snake:4  | Bought a scroll of teleportation for 66 gold pieces
 32004 | Snake:4  | Noticed Vashnia
 32018 | Snake:4  | Killed Vashnia
 32019 | Snake:4  | Reached skill level 19 in Fighting
 32379 | Snake:4  | Found Doung's Jewellery Emporium.
 32413 | Snake:4  | Reached XP level 20. HP: 191/191 MP: 32/32
 33036 | Snake:4  | Got a serpentine rune of Zot
 33237 | Snake:4  | Found a hide-covered altar of Uskayaw.
 33353 | Snake:4  | Found Ruhoone's Tiny Tomes.
 33894 | Swamp:1  | Entered Level 1 of the Swamp
 34085 | Swamp:1  | Identified the +6 leather armour of the Miller {Fly rPois}
 34606 | Swamp:1  | Identified the ring "Reaq" {Wiz rC- rN+ Str+3 Int+5}
 35605 | Swamp:3  | Found a transporter.
 35607 | Swamp:3  | Found a transporter.
 35607 | Swamp:3  | Noticed Autsider's ghost (adept GrFi)
 36083 | Swamp:3  | Killed Autsider's ghost
 36093 | Swamp:3  | Acquired the +1 cloak "Kiveg" {Slay+6}
 36149 | Swamp:4  | Entered Level 4 of the Swamp
 36862 | Swamp:4  | Reached skill level 20 in Fighting
 37301 | Swamp:4  | Got a decaying rune of Zot
 37700 | Vaults:1 | Entered Level 1 of the Vaults
 37785 | Vaults:1 | Reached XP level 21. HP: 184/201 MP: 34/34
 38428 | Vaults:1 | Found a crumbling gateway.
 38463 | Vaults:1 | Found Raih's Distillery.
 38471 | Vaults:1 | Bought a potion of curing for 48 gold pieces
 38471 | Vaults:1 | Bought a potion of curing for 48 gold pieces
 38471 | Vaults:1 | Bought a potion of curing for 48 gold pieces
 38471 | Vaults:1 | Bought a potion of haste for 160 gold pieces
 38826 | Vaults:2 | You are sucked into a shaft and drop 2 floors!
 38861 | Vaults:4 | Found Perch's Book Boutique.
 39099 | Vaults:4 | Noticed Mara
 39110 | Vaults:4 | Killed Mara
 39141 | Vaults:4 | Paralysed by a sphinx for 2 turns
 39371 | Vaults:4 | Reached skill level 21 in Fighting
 40298 | Vaults:3 | Found Qah Guk's Assorted Antiques.
 40308 | Vaults:3 | Bought a scroll of teleportation for 90 gold pieces
 40308 | Vaults:3 | Bought an emerald ring for 150 gold pieces
 40481 | Vaults:3 | Reached XP level 22. HP: 213/213 MP: 35/35
 41695 | Vaults:2 | Reached skill level 1 in Dodging
 42133 | Vaults:2 | Noticed Bai Suzhen
 42143 | Vaults:2 | Killed Bai Suzhen
 42437 | Vaults:2 | Found a staircase to the Crypt.
 42671 | Vaults:5 | Entered Level 5 of the Vaults
 42681 | Vaults:5 | Noticed a dread lich
 43009 | Vaults:4 | Killed a dread lich
 43010 | Vaults:4 | Reached skill level 22 in Fighting
 43076 | Vaults:5 | Noticed a dread lich
 43132 | Vaults:4 | Reached skill level 5 in Dodging
 43219 | Vaults:4 | Killed a dread lich
 44373 | Vaults:4 | Reached XP level 23. HP: 162/220 MP: 37/37
 44861 | Vaults:5 | Identified the +9 orcbow "Caerim" {drain, rElec rN+}
 44988 | Vaults:5 | Identified the ring "Qidokaw" {Fly Int+7}
 45145 | Vaults:5 | Noticed a dread lich
 45153 | Vaults:5 | Killed a dread lich
 45196 | Vaults:5 | Noticed an ancient lich
 45199 | Vaults:5 | Reached skill level 10 in Dodging
 45215 | Vaults:5 | Killed an ancient lich
 45444 | Vaults:5 | Got a silver rune of Zot
 46068 | Depths:1 | Entered Level 1 of the Depths
 47036 | Depths:1 | Found a gateway to Hell.
 47612 | Depths:1 | Found a stormy altar of Qazlal.
 47800 | Depths:2 | Found a shimmering altar of Xom.
 47917 | Depths:2 | Found a runed translucent door.
 47929 | Depths:2 | Found a runed translucent door.
 48013 | Depths:2 | Found a one-way gate leading to the halls of Pandemonium.
 48037 | Depths:2 | Reached skill level 15 in Dodging
 48189 | Depths:2 | Noticed Grunn
 48213 | Depths:2 | Killed Grunn
 49093 | Depths:2 | Reached XP level 24. HP: 169/225 MP: 37/37
 49487 | Depths:3 | Paralysed by an air elemental for 1 turns
 49494 | Depths:3 | Paralysed by an air elemental for 1 turns
 49598 | Depths:3 | Gained mutation: You are weak. (Str -2) [a shining eye]
 49889 | Depths:3 | Paralysed by an air elemental for 1 turns
 49939 | Depths:3 | Paralysed by an air elemental for 1 turns
 50103 | Depths:3 | Paralysed by an air elemental for 1 turns
 50173 | Depths:3 | Paralysed by an air elemental for 1 turns
 50262 | Depths:3 | Found a one-way gate to the infinite horrors of the Abyss.
 50517 | Depths:3 | Identified the ring "Nihoump" {rElec rF+ Str+4}
 50736 | Depths:3 | Identified the staff of the Everdark {Str+6 Earth}
 50884 | Depths:4 | Entered Level 4 of the Depths
 50915 | Depths:4 | Found a gate to the Realm of Zot.
 50938 | Depths:4 | Reached skill level 23 in Fighting
 51076 | Depths:4 | Found Xoroz's Armour Emporium.
 51133 | Depths:4 | Found a one-way gateway to a ziggurat.
 52454 | Snake:1  | Bought a scroll of enchant armour for 127 gold pieces
 52790 | Zot:1    | Entered Level 1 of the Realm of Zot
 53523 | Zot:1    | Reached XP level 25. HP: 243/243 MP: 37/37
 53594 | Zot:1    | Identified the +6 broad axe "Concordance" {antimagic, rElec
                  | rC+ Stlth+}
 53856 | Zot:2    | Noticed an orb of fire
 53868 | Zot:2    | Killed an orb of fire
 55358 | Zot:2    | Found the +4 dragonskin cloak {Aegis}
 55358 | Zot:2    | Noticed Tiamat
 55467 | Zot:2    | Killed Tiamat
 55470 | Zot:2    | Reached skill level 24 in Fighting
 56148 | Zot:3    | Noticed a dread lich
 56158 | Zot:3    | Killed a dread lich
 57295 | Zot:3    | Acquired 1160 gold pieces
 57920 | Zot:4    | Noticed Vv
 57939 | Zot:4    | Killed Vv
 58532 | Zot:4    | Reached XP level 26. HP: 248/255 MP: 0/38
 59187 | Zot:4    | Identified the death talisman "Ijuop" {rC- Str-3 Int+7}
 59291 | Zot:5    | Entered Level 5 of the Realm of Zot
 59307 | Zot:5    | Noticed an orb of fire
 59397 | Zot:5    | Gained mutation: Your magical capacity is low. (-10% MP)
                  | [an orb of fire]
 59406 | Zot:5    | Killed an orb of fire
 59505 | Zot:5    | Reached skill level 25 in Fighting
 59512 | Zot:5    | Noticed a dread lich
 59516 | Zot:5    | Killed a dread lich
 59735 | Zot:5    | Identified the +0 pair of gloves of the Sparrow {rPois rN+
                  | Regen+ Dex-2}
 60087 | Zot:5    | Noticed an orb of fire
 60110 | Zot:5    | Killed an orb of fire
 60247 | Zot:5    | Noticed an orb of fire
 60253 | Zot:5    | Gained mutation: You expend magic power (3 MP) to
                  | strengthen your wands. [an orb of fire]
 60259 | Zot:5    | Gained mutation: You are clumsy. (Dex -2) [an orb of fire]
 60260 | Zot:5    | Killed an orb of fire
 60801 | Zot:5    | Noticed an orb of fire
 60805 | Zot:5    | Gained mutation: You occasionally lose the ability to read
                  | scrolls when taking damage. [an orb of fire]
 60809 | Zot:5    | Gained mutation: You are very clumsy. (Dex -4) [an orb of
                  | fire]
 60816 | Zot:5    | Killed an orb of fire
 60865 | Zot:5    | Noticed an orb of fire
 60871 | Zot:5    | Noticed an orb of fire
 60879 | Zot:5    | Gained mutation: You sometimes lose the ability to read
                  | scrolls when taking damage. [an orb of fire]
 60881 | Zot:5    | Gained mutation: Your health recovers twice as slowly from
                  | being drained. [an orb of fire]
 60887 | Zot:5    | Gained mutation: Your magical capacity is very low. (-20%
                  | MP) [an orb of fire]
 60887 | Zot:5    | Gained mutation: Your spells are a little easier to cast,
                  | but a little less powerful. [an orb of fire]
 60888 | Zot:5    | Killed an orb of fire
 60891 | Zot:5    | Lost mutation: You sometimes lose the ability to read
                  | scrolls when taking damage. [an orb of fire]
 60894 | Zot:5    | Gained mutation: You are vulnerable to heat. (rF-) [an orb
                  | of fire]
 60898 | Zot:5    | Killed an orb of fire
 60982 | Zot:5    | Lost mutation: Your health recovers twice as slowly from
                  | being drained. [potion of mutation]
 60982 | Zot:5    | Lost mutation: You are very clumsy. (Dex -4) [potion of
                  | mutation]
 60982 | Zot:5    | Lost mutation: You are vulnerable to heat. (rF-) [potion of
                  | mutation]
 60982 | Zot:5    | Gained mutation: You are very clumsy. (Dex -4) [potion of
                  | mutation]
 60982 | Zot:5    | Gained mutation: You have hidden genetic defects. [potion
                  | of mutation]
 60983 | Zot:5    | Lost mutation: You are very clumsy. (Dex -4) [potion of
                  | mutation]
 60983 | Zot:5    | Lost mutation: You expend magic power (3 MP) to strengthen
                  | your wands. [potion of mutation]
 60983 | Zot:5    | Gained mutation: Your spells are easier to cast, but less
                  | powerful. [potion of mutation]
 60983 | Zot:5    | Lost mutation: Your spells are easier to cast, but less
                  | powerful. [potion of mutation]
 60984 | Zot:5    | Lost mutation: You occasionally lose the ability to read
                  | scrolls when taking damage. [potion of mutation]
 60984 | Zot:5    | Lost mutation: Your mind is acute. (Int +4, Str/Dex -1)
                  | [potion of mutation]
 60984 | Zot:5    | Gained mutation: You are resistant to electric shocks.
                  | (rElec) [potion of mutation]
 60984 | Zot:5    | Gained mutation: You are partially covered in iridescent
                  | scales. (AC +2) [potion of mutation]
 60984 | Zot:5    | Gained mutation: Your system is resistant to poisons.
                  | (rPois) [potion of mutation]
 60985 | Zot:5    | Lost mutation: You are partially covered in iridescent
                  | scales. (AC +2) [potion of mutation]
 60985 | Zot:5    | Lost mutation: Your spells are a little easier to cast, but
                  | a little less powerful. [potion of mutation]
 60985 | Zot:5    | Lost mutation: Your system is resistant to poisons. (rPois)
                  | [potion of mutation]
 60985 | Zot:5    | Gained mutation: You have large cloven feet. [potion of
                  | mutation]
 60986 | Zot:5    | Lost mutation: You have large cloven feet. [potion of
                  | mutation]
 60986 | Zot:5    | Lost mutation: You have hidden genetic defects. [potion of
                  | mutation]
 60986 | Zot:5    | Lost mutation: You are clumsy. (Dex -2) [potion of
                  | mutation]
 61003 | Zot:5    | Noticed a dread lich
 61010 | Zot:5    | Noticed an ancient lich
 61029 | Zot:5    | Killed an ancient lich
 61091 | Zot:5    | Killed a dread lich
 61179 | Zot:5    | Gained mutation: You are frail. (-10% HP) [mutagenic glow]
 61192 | Zot:5    | Noticed an orb of fire
 61193 | Zot:5    | Gained mutation: You have hidden genetic defects.
                  | [mutagenic glow]
 61194 | Zot:5    | Gained mutation: You are dopey. (Int -2) [an orb of fire]
 61200 | Zot:5    | Gained mutation: Your magical capacity is extremely low.
                  | (-30% MP) [an orb of fire]
 61204 | Zot:5    | Killed an orb of fire
 61212 | Zot:5    | Gained mutation: You do not regenerate when monsters are
                  | visible. [mutagenic glow]
 61225 | Zot:5    | Noticed an orb of fire
 61225 | Zot:5    | Gained mutation: You occasionally lose the ability to drink
                  | potions when taking damage. [mutagenic glow]
 61233 | Zot:5    | Killed an orb of fire
 61548 | Zot:5    | Reached XP level 27. HP: 97/241 MP: 26/26
 61552 | Zot:5    | Reached skill level 26 in Fighting
 61583 | Zot:5    | Gained mutation: You are very dopey. (Int -4) [hidden
                  | defects]
 61912 | Zot:5    | Identified the amulet "Zogg" {Harm RegenMP+ Dex+6 Slay-4}
 62017 | Zot:5    | Got the Orb of Zot
 62290 | Depths:4 | Noticed Ofoinlen the pandemonium lord
 62306 | Depths:4 | Killed Ofoinlen the pandemonium lord
 62646 | D:7      | Noticed Reebbadd the pandemonium lord
 62771 | D:$      | Escaped with the Orb!

Illustrated notes

Levels and vault maps discovered:
D:1:      scummos_arrival_forest, layout_loops_cross,
          shapermc_ecumenical_altar_mp_ritualfount, kennysheep_nondescript,
          minmay_tree_intersection, st_stairs_5
D:2:      kennysheep_the_goblin_king, layout_loops_cross, uniq_natasha
D:3:      mumra_celtic_spiral_tile, layout_basic,
          hangedman_decor_diamond_cutter, uniq_sigmund, uniq_robin
D:4:      layout_basic, minmay_misc_feat_ornament, minmay_stone_trees_small
D:5:      minmay_spotlight, layout_basic, mainiacjoe_overflow_alcove_1,
          riverfiend_overflow_shadow_ancestor, nicolae_alphabet_shops,
          nicolae_nh_ransacked_shop
D:6:      layout_loops_ring, cheibrodos_ashenzari_chains,
          nemelex_dance_club_becter, trog_three_pillars_becter,
          minmay_temple_entry_gardened_gates, portal_sewer_entry_f,
          uniq_grinder, uniq_prince_ribbit1, uniq_pikel, uniq_duvessa
D:7:      layout_basic, nicolae_ru_awakened_eye, amcnicky_altar_gilded,
          kennysheep_little_box, amcnicky_mini_pool_small, minmay_holes,
          uniq_joseph
D:8:      layout_loops_corners, old_standard_altar, jmf_multi_god_temple,
          wad_mini_maze
D:9:      layout_loops_corners, mainiacjoe_overflow_brackets,
          kennysheep_orc_sif_temple, minmay_orc_entry_temple_small,
          enter_bailey_6, uniq_erica
D:10:     layout_long_grid, vehumet_crystals, david_lair_shrubbed,
          roadster_capsule_ark_zombie
D:11:     minmay_distorted_concentric_squares, layout_long_grid,
          kennysheep_small_circle, uniq_erolcha
D:12:     layout_stronghold, serial_shops, nicolae_shop_drivethru,
          uniq_gastronok
D:13:     layout_roguey [special_room_orc], small_chamber_with_monster
D:14:     layout_cave_pools, hangedman_vaults_entry_quadrant_bands,
          minmay_misc_feat_roman, uniq_rupert
D:15:     grunt_enter_depths_magical_seal, layout_loops_ring,
          minmay_misc_feat_square, gauntlet_entry_generic
Temple:   nicolae_temple_bog_church
Lair:1:   layout_loops_ring, ebering_ghost_disaster_area,
          infiniplex_staircase_pool, lemuel_fruit_tree, lemuel_fruit_fields,
          uniq_amaemon
Lair:2:   layout_regular_city, minmay_snake_entry_guardpost_small,
          dreamdust_deal_with_the_devil
Lair:3:   layout_roguey, swamp_mist, grunt_megastairs_2, lemuel_fruit_fields,
          lemuel_fruit_fields
Lair:4:   layout_regular_city, gammafunk_ghost_berserking_beasts,
          portal_ice_cave_entry_pillars_1, grunt_megastairs_5
Lair:5:   wormcave, layout_small_grid, guppyfry_lair_end_dragon,
          minmay_slime_entry_pillars, chequers_serial_rivers_micro_a,
          hangedman_lair_unloving_vines, worms_lemuel
Swamp:1:  nicolae_swamp_standing_stones, layout_basic_swamp, serial_swamp_ruin,
          evilmike_swamp_ruin_house_1, evilmike_swamp_ruin_rubble_1,
          evilmike_swamp_ruin_house_4, swamp_pool_3, nicolae_swamp_tree_designs
Swamp:2:  layout_basic_swamp, evilmike_swamp_ruin_house_6,
          nicolae_swamp_small_spring
Swamp:3:  layout_basic_swamp, gammafunk_ghost_mausoleum,
          evilmike_swamp_ruin_house_3, swamp_pool_1_2
Swamp:4:  swamp, layout_basic_swamp
Snake:1:  layout_grid_maze, nicolae_snake_serpentine_bazaar,
          serial_bayou_shore_a, grunt_megastairs_4, uniq_nikola
Snake:2:  layout_onion_interference, basic_altar, uniq_aizul, uniq_mlioglotl
Snake:3:  kennysheep_six_static_rooms, layout_cave_town,
          nicolae_snake_squiggles, minmay_shop_star, serial_bayou_shore_b,
          uniq_azrael
Snake:4:  grunt_snake_rune_pools, layout_layer_cave, basic_altar, serial_shops,
          shop, nicolae_shop_i_like_small_books_too, nicolae_snake_double_loop,
          minmay_shop_enchanted_jewellery, grunt_megastairs_1, uniq_vashnia
Orc:1:    layout_caves
Orc:2:    st_orc_open, layout_caves, basic_altar, nicolae_orc_tapped_out,
          uniq_sonja
Vaults:1: portal_desolation_entry_nicolae_slug, grunt_vaults_trifunnel,
          vaults_room_mumra_shop_pool, v_misc_29, nicolae_vaults_angled_halls,
          nicolae_vaults_network_star, nicolae_vaults_alarming,
          nicolae_vaults_crenellated_ambush, nicolae_vaults_bisected_exclaves,
          hangedman_vaults_unwind, nicolae_vaults_diamond_2, v_misc_19,
          layout_vaults_maze_bifur
Vaults:2: dpeg_vaults_monster_row, minmay_crypt_entry_simple_walls, v_misc_1,
          nicolae_vaults_prndl, v_misc_33, nicolae_vaults_diagonal_hallway_6,
          nicolae_vaults_double_plus_1, nicolae_vaults_loss_of_containment,
          layout_vaults_omnigrid, uniq_bai_suzhen
Vaults:3: nicolae_vaults_storage_closets_2, ontoclasm_vaults_twist,
          vaults_mumra_lcd, nicolae_vaults_shipping_containers_5,
          ontoclasm_vaults_hangar, ontoclasm_vaults_ring_large,
          nicolae_vaults_sesquioval_fish, nicolae_vaults_stepped_doors,
          v_misc_12, nicolae_vaults_three_branches, nicolae_vaults_apartment_2,
          v_misc_28, layout_vaults_ring, serial_shops,
          nicolae_shop_gibbet_a_chance
Vaults:4: hangedman_vaults_slither, nicolae_vaults_trapezoid_4,
          special_room_vaults [special_room_orc],
          nicolae_vaults_more_shelving_2, nicolae_vaults_little_squares_5,
          nicolae_vaults_tangram_1, v_misc_5, nicolae_vaults_oval_intersection,
          vaults_room_door_ring, nicolae_vaults_tetromino_Z_2,
          layout_vaults_chaotic_city, serial_shops, shop, uniq_mara
Vaults:5
Depths:1: layout_gridlike, hellmouth_2, serial_sigils_hangedman_scratch,
          nicolae_qazlal_style_of_elements
Depths:2: thingy_vault_2, layout_honeycomb, abandoned_shop, pan_entry,
          hell_entry, xom_teletrap_fun, minmay_staircase_statues, uniq_grunn
Depths:3: radiant_caverns_a_rkd, pan_entry, hell_entry, abyss_entry
Depths:4: evilmike_zot_entry_argh, layout_gridville, enter_ziggurat_b,
          serial_shops, shop, hangedman_geh_valley, serial_bayou_shore_b
Zot:1:    layout_onion
Zot:2:    grunt_deathspiral_small, layout_cathedral_of_symmetry,
          regret_index_zotdec_slimy_original, hangedman_zot_decor_tridents,
          uniq_tiamat
Zot:3:    hangedman_snap_crack_crunch, layout_onion_interference
Zot:4:    regret_index_all_hallows'_manor, layout_concentric_octagons,
          st_single_dragon_hoard_4, uniq_vv
Zot:5:    layout_gridlike

Skill      XL: |  1  2  3  4  5  6  7  8  9 10 11 12 13 14 15 16 17 18 19 20 21 22 23 24 25 26 27 |
---------------+----------------------------------------------------------------------------------+-----
Axes           | 3 4 5 6 7 9 12 14 15 16 17 18 | 18.0
Fighting       | 4 5 6 7 9 10 12 13 14 15 16 17 19 20 21 22 23 24 25 26 | 26.2
Armour         | 5 7 9 11 12 13 14 16 17 19 20 21 22 24 | 24.5
Invocations    | 4 7 10 12 14 16 18 20 21 22 23 24 25 | 25.4
Shields        | 7 10 12 15 18 20 21 | 21.6
Evocations     | 5 |  5.1
Dodging        | 6 18 20 22 23 | 23.5

Action                     |  1- 3 |  4- 6 |  7- 9 | 10-12 | 13-15 | 16-18 | 19-21 | 22-24 | 25-27 || total
---------------------------+-------+-------+-------+-------+-------+-------+-------+-------+-------++-------
  Melee: War axe           |    63 |   109 |   206 |   206 |       |       |       |       |       ||   584
         Headbutt          |     7 |    17 |    42 |   113 |   145 |    94 |   349 |   353 |   312 ||  1432
         Unarmed           |       |       |    19 |       |       |       |       |       |       ||    19
         Broad axe         |       |       |       |   329 |   589 |   373 |  1193 |  1005 |   832 ||  4321
  Throw: Dart              |       |     2 |     6 |     5 |       |       |       |       |       ||    13
 Invoke: Disaster Area     |       |       |       |       |       |       |     1 |     1 |     2 ||     4
         Upheaval          |       |       |       |       |       |       |       |       |     3 ||     3
  Evoke: Wand              |       |       |     1 |     3 |       |       |       |       |     3 ||     7
    Use: Scroll            |     1 |     3 |       |    17 |     7 |     2 |     9 |    15 |     9 ||    63
         Potion            |       |       |       |     2 |    11 |     2 |       |       |     6 ||    21
   Stab: Distracted        |       |       |       |       |       |     1 |    23 |    20 |    16 ||    60
 Armour: Scale mail        |    32 |       |       |       |       |       |       |       |       ||    32
         Chain mail        |    36 |   107 |   142 |    15 |       |       |       |       |       ||   300
         Skin              |       |     1 |     6 |       |       |       |       |       |       ||     7
         Plate armour      |       |       |       |   384 |   498 |   251 |   667 |    82 |       ||  1882
         Crystal plate arm |       |       |       |       |       |       |       |   611 |   611 ||  1222
  Dodge: Dodged            |    16 |    42 |    71 |   140 |   137 |    76 |   135 |   164 |   182 ||   963
         Repelled          |       |       |    14 |     9 |    18 |    10 |    54 |    86 |    82 ||   273
  Block: Buckler           |    18 |    23 |    38 |   192 |   254 |       |       |       |       ||   525
         Kite shield       |       |       |       |       |   162 |   374 |  1056 |   978 |   848 ||  3418

Table legend: (Time is in decaauts)
 A = Elapsed time spent in this place.
 B = Non-inter-level travel time spent in this place.
 C = Inter-level travel time spent in this place.
 D = Time resting spent in this place.
 E = Time spent auto-exploring this place.
 F = Levels seen in this place.
 G = Mean time per level.
                   A        B        C        D        E       F      G
               +--------+--------+--------+--------+--------+-----+--------+
         Total |  61858 |  57551 |   4307 |  16037 |  27608 |  48 | 1288.7 |
       Dungeon |  17809 |  16051 |   1758 |   3384 |   9194 |  15 | 1187.3 |
        Temple |     22 |      2 |     20 |      0 |      0 |   1 |   22.0 |
          Lair |   7306 |   6814 |    492 |   2618 |   2752 |   5 | 1461.2 |
         Swamp |   3541 |   3286 |    255 |    739 |   1661 |   4 |  885.2 |
     Snake Pit |   6269 |   5931 |    338 |   1905 |   2846 |   4 | 1567.2 |
  Orcish Mines |   1758 |   1640 |    118 |    505 |    869 |   2 |  879.0 |
        Vaults |   8140 |   7513 |    627 |   2187 |   3882 |   5 | 1628.0 |
        Depths |   5695 |   5334 |    361 |   1112 |   2653 |   4 | 1423.8 |
           Zot |   9275 |   8939 |    336 |   2914 |   3468 |   5 | 1855.0 |
        Bailey |   1039 |   1039 |      0 |    515 |      0 |   1 | 1039.0 |
      Ice Cave |    592 |    592 |      0 |    152 |    155 |   1 |  592.0 |
      Gauntlet |    407 |    407 |      0 |      4 |    127 |   1 |  407.0 |
               +--------+--------+--------+--------+--------+-----+--------+

Top non-repeatable levels by time:
Vaults:4: 3480 daAuts
  Lair:5: 2361 daAuts
   Zot:5: 2283 daAuts
 Snake:4: 2016 daAuts
     D:8: 1976 daAuts
   Zot:4: 1916 daAuts
   Zot:3: 1910 daAuts
   Zot:2: 1780 daAuts
Depths:2: 1758 daAuts
  Lair:1: 1619 daAuts
 Snake:2: 1604 daAuts
    D:15: 1520 daAuts
     D:9: 1520 daAuts
     D:2: 1481 daAuts
 Snake:1: 1460 daAuts
